 Dungeon Crawl Stone Soup version 0.27-a0-1147-gb3d8e82157 (webtiles) character file.

Game seed: 2130528232193096030

36106 Feb132020 the Stormcaller (level 13, -7/68 HPs)
             Began as a Tengu Air Elementalist on May 11, 2021.
             Was a High Priest of Sif Muna.
             Mangled by a cane toad (20 damage)
             ... on level 6 of the Lair of Beasts on May 12, 2021.
             The game lasted 02:16:41 (22001 turns).

Feb132020 the Stormcaller (Tengu Air Elementalist) Turns: 22001, Time: 02:16:41

Health: -7/68      AC: 14    Str: 15    XL:     13   Next: 88%
Magic:  14/29      EV: 17    Int: 20    God:    Sif Muna [*****.]
Gold:   765        SH:  0    Dex: 15    Spells: 10/35 levels left

rFire    . . .     SeeInvis +   b - +6 spear (vamp)
rCold    . . .     Faith    .   (no shield)
rNeg     + . .     Spirit   .   t - +2 robe {rN+}
rPois    +         Reflect  .   (helmet restricted)
rElec    .         Harm     +   s - +2 cloak {rPois}
rCorr    .         Rampage  .   h - +2 pair of gloves
Will     .....                  (boots unavailable)
Stlth    +++.......             Q - amulet of Fuusm {RegenMP Harm Slay+3 SInv}
HPRegen  0.21/turn              z - +6 ring of strength
MPRegen  0.46/turn              K - +4 ring of protection

@: flying quickly and evasively, studying Necromancy, quick
A: beak, talons 3, nimble flight
a: Renounce Religion, Channel Magic, Forget Spell, Divine Exegesis


You were on level 6 of the Lair of Beasts.
You worshipped Sif Muna.
Sif Muna was extremely pleased with you.
You visited 2 branches of the dungeon, and saw 16 of its levels.

You collected 1041 gold pieces.
You spent 276 gold pieces at shops.

Inventory:

Hand Weapons
 a - the +2 trident "Byecoimi" {elec, rF+ Str+4 Stlth-}
   (You found it on level 7 of the Dungeon)

   Occasionally, upon striking a foe, it can discharge electrical energy and
   cause terrible harm.
   It affects your strength (+4).
   It protects you from fire.
   It makes you less stealthy.
 b - a +6 vampiric spear (weapon)
 m - a +0 dagger
 r - a +4 quarterstaff of chaos
 u - a +5 antimagic rapier
 y - a +0 dagger
Missiles
 i - 6 atropa-tipped darts
 P - 4 boomerangs of dispersal
Armour
 h - a +2 pair of gloves (worn)
 q - a +0 robe
 s - a +2 cloak of poison resistance (worn)
 t - a +2 robe of positive energy (worn)
 B - a +2 robe of fire resistance
 L - +0 acid dragon scales
Magical Staves
 C - a staff of conjuration
 M - a staff of death
Jewellery
 g - a ring of ice
 z - a +6 ring of strength (left hand)
 A - a ring of fire
 F - an amulet of guardian spirit
 K - a +4 ring of protection (right hand)
 Q - the amulet of Fuusm (around neck) {RegenMP Harm Slay+3 SInv}
   (You acquired it on level 2 of the Lair of Beasts)

   [amulet of magic regeneration]

   It increases your rate of magic regeneration.
   It affects your accuracy and damage with ranged weapons and melee attacks
   (+3).
   It lets you see invisible.
   It increases damage dealt and taken.
 R - a ring of resist corrosion
Wands
 c - a wand of paralysis (2)
 d - a wand of flame (25)
 e - a wand of iceblast (18)
 n - a wand of polymorph (19)
 w - a wand of charming (15)
 D - a wand of mindburst (15)
 E - a wand of acid (16)
 N - a wand of digging (2)
Scrolls
 f - 4 scrolls of teleportation
 l - 3 scrolls of fear
 p - 2 scrolls of amnesia
 x - 2 scrolls of blinking
 H - 2 scrolls of magic mapping
 J - a scroll of summoning
 O - a scroll of identify
 S - a scroll of brand weapon
Potions
 j - a potion of berserk rage
 k - 2 potions of resistance
 o - 7 potions of heal wounds
 v - 2 potions of brilliance
 G - 2 potions of haste


   Skills:
 + Level 2.4 Fighting
 + Level 0.7 Short Blades
 + Level 6.5 Polearms
 + Level 5.1 Dodging
 + Level 4.3 Stealth
 + Level 11.5 Spellcasting
 + Level 11.0 Conjurations
 + Level 0.3 Hexes
 * Level 18.0 Air Magic
 * Level 5.5 Invocations


You had 10 spell levels left.
You knew the following spells:

 Your Spells              Type           Power      Damage    Failure   Level
a - Shock                 Conj/Air       100%       1d9       0%          1
b - Magic Dart            Conj           100%       1d8       1%          1
c - Swiftness             Air            71%        N/A       0%          3
d - Dazzling Flash        Conj/Hex       68%        N/A       1%          3
e - Apportation           Tloc           22%        N/A       6%          1
f - Sticky Flame          Conj/Fire      33%        2d5       6%          4
g - Fulminant Prism       Conj/Hex       17%        3d11      5%          4
r - Searing Ray           Conj           100%       3d7       1%          2
s - Static Discharge      Conj/Air       63%        N/A       1%          2
A - Airstrike             Air            35%        N/A       1%          4

Your spell library contained the following spells:

 Spells                   Type           Power      Damage    Failure   Level
 Foxfire                  Conj/Fire      100%       2x1d9     1%          1
 Conjure Flame            Conj/Fire      33%        6-21      1%          3
 Stone Arrow              Conj/Erth      66%        3d11      1%          3
 Lightning Bolt           Conj/Air       31%        1d48      1%          5
 Sandblast                Erth           22%        2d7       6%          1
 Iskenderun's Mystic Bla  Conj/Tloc      33%        2d8       6%          4
 Passwall                 Tmut/Erth      9%         N/A       9%          2
 Tukima's Dance           Hex            12%        N/A       16%         3
 Inner Flame              Hex/Fire       12%        N/A       17%         3
 Fireball                 Conj/Fire      16%        3d8       17%         5
 Lesser Beckoning         Tloc           5%         N/A       19%         3
 Petrify                  Tmut/Erth      11%        N/A       52%         4
 Alistair's Intoxication  Tmut/Pois      7%         N/A       86%         5
 Lee's Rapid Deconstruct  Erth           5%         3d7*      86%         5
 Invisibility             Hex            12%        N/A       100%        6


Dungeon Overview and Level Annotations

Branches:
Dungeon (10/15)            Temple (0/1) D:7            Lair (6/6) D:9
  Swamp (0/4) Lair:2        Snake (0/4) Lair:2
  Slime: Lair:5-6       Orc: D:9-12

Altars:
Ashenzari
Cheibriados
Gozag
Kikubaaqudgha
Ru
Sif Muna
Trog
Wu Jian
Yredelemnul
The Shining One

Shops:
D:1 (   D:5 *   D:8 :


Innate Abilities, Weirdness & Mutations

You have a beak for a mouth.
You have claws for feet.
Your magical nature lets you fly swiftly and evasively.


Message History

Casting: Airstrike (safe; 1% risk of failure)
Confirm with . or Enter, or press ? or * to list all spells.
Aiming: Airstrike (safe; 1% risk of failure)
Press: ? - help, Dir - move target, f - polar bear
Aim: a polar bear (wandering, hasn't noticed you)
The air twists around and strikes the polar bear!
The polar bear growls angrily.
The polar bear is heavily wounded.
You hear a croak.
You hear a loud, deep croak!
You hear a bellow!
Casting: Airstrike (safe; 1% risk of failure)
Confirm with . or Enter, or press ? or * to list all spells.
Aiming: Airstrike (safe; 1% risk of failure)
Press: ? - help, Dir - move target, f/p - polar bear
Aim: a polar bear (heavily wounded)
The air twists around and strikes the polar bear!
The polar bear is almost dead.
Casting: Airstrike (safe; 1% risk of failure)
Confirm with . or Enter, or press ? or * to list all spells.
Aiming: Airstrike (safe; 1% risk of failure)
Press: ? - help, Dir - move target, f/p - polar bear
Aim: a polar bear (almost dead)
The air twists around and strikes the polar bear!
You kill the polar bear!
Sif Muna accepts your kill.
You see here an elephant corpse.
There is a stone staircase leading up, spattered with blood here.
You reach to attack!
You barely miss the cane toad. You hit the cane toad but do no damage.
Your kick misses the cane toad.
You peck the cane toad, but do no damage.
The cane toad stings you!
You hit the cane toad.
The cane toad is lightly wounded.
The cane toad completely misses you.
You hit the cane toad.
You feel better.
You peck the cane toad, but do no damage.
The cane toad is moderately wounded.
The cane toad stings you!
* * * LOW HITPOINT WARNING * * *
The cane toad stings you!
You die... ##..#.P.... #P......... #........ .F. ##......## .PP

#P.......## ..##
##......P.# .....
#.......PP##...#.
##@F.†..........P
#†........P#P..#P
##.........P...P.
#.###...P.##....
### #####.......
#.P..# ....#
..### .#


You could see a cane toad.

Vanquished Creatures
  A hydra (Lair:2)
  2 two-headed ogres
  Pikel (D:9)
  A moth of wrath (Lair:3)
  An ice statue (Lair:5)
  Maurice (D:9)
  6 black mambas
  10 elephants
  13 cane toads
  4 rime drakes
  Psyche (D:9)
  Maggie (D:10)
  6 komodo dragons
  A freezing wraith (Lair:5)
  A demonic crawler (Lair:4)
  5 tyrant leeches (Lair:2)
  7 polar bears
  A hornet (D:9)
  7 blink frogs
  A troll (D:9)
  A dream sheep (Lair:2)
  2 meliai zombies (D:10)
  A wraith (D:10)
  Sigmund (D:3)
  A shadow (D:10)
  6 wyverns
  A basilisk (Lair:5)
  20 yaks
  A vampire mosquito (Lair:6)
  2 wargs (D:9)
  3 swamp worms (Lair:4)
  20 water moccasins
  An acid dragon (D:10)
  4 orc warriors
  A sky beast (D:5)
  2 ice beasts (Lair:5)
  2 ogres
  5 black bears
  2 necrophages
  13 wolves
  5 centaurs
  2 lemures (D:9)
  2 kobold brigands
  12 bullfrogs
  2 wyvern zombies
  A water moccasin skeleton (D:6)
  6 wights
  3 bullfrog zombies
  12 centaur zombies
  4 hounds
  A human zombie (D:10)
  A bullfrog skeleton (D:5)
  2 centaur skeletons (D:6)
  4 jellies (Lair:6)
  8 orc priests
  Crazy Yiuf (D:2)
  A gnoll shaman (D:7)
  5 iguanas
  Terence (D:2)
  6 orc wizards
  Natasha (D:2)
  A howler monkey zombie (D:10)
  Robin (D:3)
  7 gnolls
  3 adders
  A howler monkey skeleton (D:7)
  A shadow imp (D:7)
  3 white imps (Lair:5)
  An ufetubus (D:5)
  2 worms
  A dart slug (D:3)
  30 orcs
  2 endoplasms
  2 giant cockroaches (D:1)
  16 goblins
  4 hobgoblins
  7 jackals
  10 kobolds
  3 quokkas
  5 ball pythons
  4 bats
  A frilled lizard (D:3)
  3 rats (D:1)
348 creatures vanquished.

Vanquished Creatures (collateral kills)
  A cane toad (Lair:2)
1 creature vanquished.

Vanquished Creatures (others)
  An electric eel (Lair:2)
  31 fungi
  90 plants
122 creatures vanquished.

Grand Total: 471 creatures vanquished

Notes
Turn   | Place    | Note
-------+----------+-------------------------------------------
     0 | D:1      | Feb132020 the Tengu Air Elementalist began the quest for
                  | the Orb.
     0 | D:1      | Reached XP level 1. HP: 10/10 MP: 4/4
   237 | D:1      | Found Beriutt's Antique Weapon Shop.
   319 | D:1      | Reached XP level 2. HP: 15/15 MP: 0/6
   322 | D:1      | Learned a level 2 spell: Static Discharge
   411 | D:1      | Found a shimmering blue altar of Sif Muna.
   448 | D:1      | Became a worshipper of Sif Muna the Loreminder
   991 | D:2      | Noticed Natasha
  1071 | D:2      | Found a runed translucent door.
  1072 | D:2      | Noticed Crazy Yiuf
  1332 | D:2      | Noticed Terence
  2099 | D:3      | Reached XP level 3. HP: 19/19 MP: 5/7
  2257 | D:3      | Noticed Robin
  2355 | D:3      | Reached skill level 5 in Air Magic
  2416 | D:3      | Killed Robin
  2517 | D:3      | Reached * piety under Sif Muna
  2613 | D:3      | Reached XP level 4. HP: 24/24 MP: 5/8
  2917 | D:3      | Noticed Sigmund
  3234 | D:3      | Found a faded altar of an unknown god.
  3805 | D:4      | Found a glowing golden altar of the Shining One.
  3808 | D:4      | Found a snail-covered altar of Cheibriados.
  4027 | D:4      | Found a bloodstained altar of Trog.
  4027 | D:4      | Found an ornate altar of the Wu Jian Council.
  4104 | D:4      | Gained mutation: Your magical nature lets you fly swiftly
                  | and evasively. [Tengu growth]
  4104 | D:4      | Reached XP level 5. HP: 28/28 MP: 4/10
  4499 | D:4      | Reached XP level 6. HP: 32/32 MP: 6/11
  4545 | D:4      | Learned a level 1 spell: Magic Dart
  4548 | D:4      | Learned a level 2 spell: Searing Ray
  4643 | D:2      | Killed Terence
  4883 | D:2      | Killed Natasha
  4884 | D:2      | Reached skill level 6 in Air Magic
  4955 | D:2      | Killed Crazy Yiuf
  5028 | D:3      | Killed Sigmund
  5029 | D:3      | Reached skill level 5 in Conjurations
  5029 | D:3      | Reached XP level 7. HP: 25/36 MP: 7/13
  5201 | D:1      | Bought a runed rapier for 210 gold pieces
  5254 | D:5      | Entered Level 5 of the Dungeon
  5264 | D:5      | Reached skill level 7 in Air Magic
  5331 | D:5      | Found Detekhli's Assorted Antiques.
  5469 | D:5      | Learned a level 4 spell: Airstrike
  5867 | D:5      | Found an opulent altar of Gozag.
  5947 | D:5      | Reached ** piety under Sif Muna
  5977 | D:5      | Reached skill level 8 in Air Magic
  5977 | D:5      | Reached XP level 8. HP: 35/41 MP: 8/15
  6804 | D:5      | Bought a scroll labelled YLIABOETHA for 22 gold pieces
  6804 | D:5      | Bought a scroll labelled XYSHOE DUFO for 22 gold pieces
  6804 | D:5      | Bought a scroll labelled HEOWNI JEVIR for 22 gold pieces
  7168 | D:6      | Reached skill level 9 in Air Magic
  7311 | D:6      | Learned a level 3 spell: Swiftness
  7487 | D:6      | Found a broken altar of Ashenzari.
  7656 | D:6      | Reached skill level 5 in Spellcasting
  8188 | D:7      | Reached XP level 9. HP: 44/45 MP: 9/18
  8592 | D:7      | Found a staircase to the Ecumenical Temple.
  8604 | D:7      | Reached skill level 10 in Air Magic
  9008 | D:7      | Identified the +2 trident "Byecoimi" {elec, rF+ Str+4
                  | Stlth-}
  9831 | D:8      | Reached skill level 11 in Air Magic
 10138 | D:8      | Reached skill level 1 in Polearms
 10490 | D:8      | Found Visogg's Book Boutique.
 10611 | D:8      | Reached *** piety under Sif Muna
 10612 | D:8      | Found a sacrificial altar of Ru.
 10686 | D:8      | Noticed a two-headed ogre
 10705 | D:8      | Killed a two-headed ogre
 10706 | D:8      | Reached skill level 12 in Air Magic
 10706 | D:8      | Reached XP level 10. HP: 51/51 MP: 3/21
 11462 | D:8      | Learned a level 3 spell: Dazzling Flash
 11464 | D:8      | Learned a level 1 spell: Apportation
 11726 | D:9      | Noticed Psyche
 11804 | D:9      | Killed Psyche
 11938 | D:9      | Noticed Maurice
 11945 | D:9      | Killed Maurice
 11946 | D:9      | Reached skill level 13 in Air Magic
 12674 | D:9      | Found a staircase to the Lair.
 12786 | D:9      | Noticed Pikel
 12795 | D:9      | Killed Pikel
 12796 | D:9      | Reached skill level 1 in Fighting
 13121 | D:10     | Entered Level 10 of the Dungeon
 13184 | D:10     | Reached XP level 11. HP: 56/56 MP: 15/24
 13249 | D:10     | Found a basalt altar of Yredelemnul.
 13606 | D:10     | Reached skill level 10 in Conjurations
 13616 | D:10     | Reached skill level 14 in Air Magic
 14046 | D:10     | Found an ancient bone altar of Kikubaaqudgha.
 14318 | D:10     | Noticed a two-headed ogre
 14324 | D:10     | Killed a two-headed ogre
 15023 | D:10     | Noticed Maggie
 15033 | D:10     | Killed Maggie
 15432 | Lair:1   | Entered Level 1 of the Lair of Beasts
 15623 | Lair:1   | Reached **** piety under Sif Muna
 15908 | Lair:1   | Reached skill level 15 in Air Magic
 16000 | Lair:1   | Reached XP level 12. HP: 61/62 MP: 3/26
 16804 | Lair:2   | Found a staircase to the Snake Pit.
 16810 | Lair:2   | Reached skill level 1 in Invocations
 16817 | Lair:2   | Reached skill level 5 in Polearms
 17185 | Lair:2   | Reached skill level 10 in Spellcasting
 17212 | Lair:2   | Noticed a seven-headed hydra
 17333 | Lair:2   | Killed a seven-headed hydra
 17578 | Lair:2   | Reached skill level 16 in Air Magic
 17721 | Lair:2   | Found a staircase to the Swamp.
 17905 | Lair:2   | Noticed a boulder beetle
 18507 | Lair:2   | Reached XP level 13. HP: 52/68 MP: 10/28
 18516 | Lair:2   | Identified a scroll of acquirement
 18516 | Lair:2   | Acquired the amulet of Fuusm {RegenMP Harm Slay+3 SInv}
 18717 | Lair:3   | Reached skill level 5 in Dodging
 19613 | Lair:4   | Reached ***** piety under Sif Muna
 19625 | Lair:4   | Reached skill level 17 in Air Magic
 19628 | Lair:4   | Received a gift from Sif Muna
 20253 | Lair:4   | Learned a level 4 spell: Sticky Flame
 21140 | Lair:5   | Reached skill level 5 in Invocations
 21145 | Lair:5   | Learned a level 4 spell: Fulminant Prism
 21524 | Lair:6   | Entered Level 6 of the Lair of Beasts
 21923 | Lair:6   | Reached skill level 18 in Air Magic
 22001 | Lair:6   | Mangled by a cane toad

Illustrated notes

Levels and vault maps discovered:
D:1:      nagdon_arrival_double_spiral, layout_basic, serial_shops, shop,
          minivault_23, kennysheep_flooded_box, minmay_strange_pillars,
          grunt_decor_cap
D:2:      layout_rooms, uniq_terence, uniq_natasha, uniq_crazy_yiuf_cottage
D:3:      kennysheep_goblin_castle, layout_basic,
          shapermc_ecumenical_altar_notcrosses, uniq_sigmund
D:4:      layout_basic, nicolae_overflow_hidden_temple
D:5:      layout_basic, nicolae_gozag_seed_capital, serial_shops,
          nicolae_shop_waterfront, hangedman_minor_gate_pass
D:6:      layout_rooms, lemuel_doored_altar, hex_large, kennysheep_minor_cross,
          minmay_misc_feat_columns
D:7:      layout_loops_cross, minmay_temple_entry_statues_fountains,
          chequers_serial_rivers_marsh, patterned_corridor
D:8:      layout_basic, nicolae_overflow_crystal_walls, serial_shops, shop,
          minmay_starry_boxes
D:9:      layout_loops_ring, erik_lair_orcish_takeover, uniq_pikel, uniq_psyche,
          uniq_maurice
D:10:     layout_basic, lemuel_mausoleum_altar_kikubaaqudgha,
          yredelemnul_altar_generic, kennysheep_generic_room_4, uniq_maggie
Lair:1:   layout_small_grid
Lair:2:   nzn_winding_woodlands_stair_cross [nzn_winding_woodlands_5x15_pockets,
          nzn_winding_woodlands_center_triple_pond,
          nzn_winding_woodlands_5x15_crooked, nzn_winding_woodlands_5x5_cross,
          nzn_winding_woodlands_5x5_open_star, nzn_winding_woodlands_5x15_pool,
          nzn_winding_woodlands_center_pierced_h,
          nzn_winding_woodlands_5x15_pathside_ponds], layout_regular_city,
          minmay_swamp_entry_worms, minmay_snake_entry_six_corridors
Lair:3:   layout_concentric_octagons
Lair:4:   layout_misc_corridors, worms_lemuel, grunt_megastairs_2,
          lemuel_fruit_tree, lemuel_fruit_fields
Lair:5:   layout_regular_city, ice2_lemuel
Lair:6:   minmay_lair_end_frog_pond, layout_small_grid,
          nicolae_slime_entry_slimehenge, columned_hall_lemuel,
          cheibrodos_lair_lostbears

Skill      XL: |  1  2  3  4  5  6  7  8  9 10 11 12 13 |
---------------+----------------------------------------+-----
Conjurations   | 2 3 4 5 6 7 9 10 11 | 11.0
Air Magic      | 5 6 8 9 12 13 15 16 18 | 18.0
Spellcasting   | 3 4 5 7 8 9 10 11 | 11.5
Stealth        | 3 4 |  4.3
Dodging        | 3 4 5 |  5.1
Polearms       | 1 2 4 6 |  6.5
Fighting       | 1 2 |  2.4
Invocations    | 3 5 |  5.5
Short Blades   | |  0.7
Hexes          | |  0.3

Action                   |  1- 3 |  4- 6 |  7- 9 | 10-12 | 13-15 || total
-------------------------+-------+-------+-------+-------+-------++-------
Melee: Unarmed           |     3 |       |       |       |       ||     3
       Kick              |     2 |       |     7 |   100 |    35 ||   144
       Peck              |     1 |       |     6 |    55 |    25 ||    87
       Dagger            |     1 |     4 |     3 |       |       ||     8
       Rapier            |       |       |     6 |       |       ||     6
       Quarterstaff      |       |       |     4 |       |       ||     4
       Spear             |       |       |    13 |    76 |    87 ||   176
       Trident           |       |       |    10 |   245 |    14 ||   269
 Cast: Shock             |    77 |    79 |   131 |    66 |    11 ||   364
       Searing Ray       |       |     5 |    19 |    17 |    12 ||    53
       Airstrike         |       |       |    51 |   127 |   126 ||   304
       Static Discharge  |       |       |     2 |     9 |       ||    11
       Dazzling Flash    |       |       |       |       |     4 ||     4
Evoke: Wand              |       |       |       |     2 |       ||     2
  Use: Scroll            |       |     1 |    15 |     6 |     7 ||    29
       Potion            |       |     2 |       |     4 |     4 ||    10
 Stab: Sleeping          |       |     4 |     2 |     8 |     2 ||    16
       Invisible         |       |       |       |       |     1 ||     1
Armor: Robe              |     1 |       |    26 |   121 |    58 ||   206
Dodge: Dodged            |    13 |     7 |    67 |   278 |   162 ||   527

Table legend: (Time is in decaauts)
 A = Elapsed time spent in this place.
 B = Non-inter-level travel time spent in this place.
 C = Inter-level travel time spent in this place.
 D = Time resting spent in this place.
 E = Time spent auto-exploring this place.
 F = Levels seen in this place.
 G = Mean time per level.
                   A        B        C        D        E       F      G
               +--------+--------+--------+--------+--------+-----+--------+
         Total |  21101 |  20147 |    954 |   1437 |  15048 |  16 | 1318.8 |
       Dungeon |  14954 |  14329 |    625 |    663 |  12212 |  10 | 1495.4 |
          Lair |   6146 |   5817 |    329 |    773 |   2835 |   6 | 1024.3 |
               +--------+--------+--------+--------+--------+-----+--------+

Top non-repeatable levels by time:
     D:3: 2420 daAuts
    D:10: 2176 daAuts
     D:5: 1784 daAuts
     D:7: 1688 daAuts
  Lair:2: 1616 daAuts
     D:9: 1576 daAuts
     D:8: 1432 daAuts
  Lair:1: 1318 daAuts
  Lair:5: 1290 daAuts
  Lair:4: 1100 daAuts
     D:6: 1076 daAuts
     D:2: 1007 daAuts
     D:4: 903 daAuts
     D:1: 888 daAuts
  Lair:3: 734 daAuts
